 Dungeon Crawl Stone Soup version 0.27-a0-860-gaf99fae3ca (webtiles) character file.

Game seed: 2013960153903259458

1825 jasper the Tainter (level 8, -1/39 HPs)
             Began as a Spriggan Venom Mage on Apr 1, 2021.
             Was a Believer of Sif Muna.
             Slain by a wyvern skeleton (14 damage)
             ... on level 7 of the Dungeon.
             The game lasted 00:19:04 (9200 turns).

jasper the Tainter (Spriggan Venom Mage)            Turns: 9200, Time: 00:19:05

Health: -1/39      AC:  2    Str:  4    XL:     8   Next: 86%
Magic:  13/26      EV: 19    Int: 18    God:    Sif Muna [**....]
Gold:   320        SH:  0    Dex: 16    Spells: 5/17 levels left

rFire    . . .     SeeInvis +   i - +1 rapier (vamp)
rCold    . . .     Faith    .   (shield restricted)
rNeg     . . .     Spirit   .   a - +0 robe
rPois    .         Reflect  .   (helmet restricted)
rElec    .         Harm     .   (no cloak)
rCorr    .         Rampage  .   (gloves unavailable)
Will     +....                  (boots unavailable)
Stlth    ++........             B - amulet of magic regeneration
HPRegen  0.13/turn              b - ring of magical power
MPRegen  0.45/turn              v - ring of flight

@: flying, very quick
A: very small, no large weapons, unfitting armour, see invisible, speed 3
a: Renounce Religion, Channel Magic


You were on level 7 of the Dungeon.
You worshipped Sif Muna.
Sif Muna was pleased with you.
You visited 1 branch of the dungeon, and saw 7 of its levels.

You collected 320 gold pieces.

Inventory:

Hand Weapons
 e - a +2 dagger of venom
 i - a +1 vampiric rapier (weapon)
 y - a +2 whip of freezing
Missiles
 f - 119 bolts
 g - 270 stones
 h - 118 arrows
 l - 53 poisoned darts
Armour
 a - a +0 robe (worn)
Jewellery
 b - a ring of magical power (left hand)
 m - a ring of fire
 v - a ring of flight (right hand)
 B - an amulet of magic regeneration (around neck)
 K - a ring of protection from cold
 M - a ring of protection from cold
 O - an amulet of faith
Wands
 u - a wand of mindburst (20)
 E - a wand of digging (6)
 I - a wand of paralysis (6)
 J - a wand of flame (23)
 L - a wand of charming (10)
Scrolls
 c - a scroll of silence {unknown}
 j - a scroll of fear {unknown}
 w - a scroll of enchant weapon
 x - a scroll of amnesia {unknown}
 C - a scroll of immolation
 D - 3 scrolls of teleportation {unknown}
 G - 2 scrolls of noise {unknown}
 H - a scroll of vulnerability {unknown}
 N - a scroll of brand weapon
 P - a scroll of blinking
Potions
 d - a potion of berserk rage
 k - a potion of brilliance
 n - a potion of magic
 o - a potion of curing
 p - a potion of attraction
 q - 3 potions of flight
 r - a potion of heal wounds
 s - a potion of mutation
 t - a potion of cancellation
 z - a potion of might {unknown}
 A - a potion of degeneration {unknown}
 F - a potion of haste {unknown}


   Skills:
 + Level 2.0 Fighting
 + Level 4.6 Dodging
 - Level 3.0 Stealth
 * Level 5.4 Spellcasting
 - Level 2.0 Conjurations
 - Level 5.0 Transmutations
 - Level 2.0 Fire Magic
 - Level 2.0 Air Magic
 - Level 8.0 Poison Magic
 + Level 2.5 Invocations


You had 5 spell levels left.
You knew the following spells:

 Your Spells              Type           Power      Damage    Failure   Level
a - Sting                 Tmut/Pois      100%       1d8       1%          1
b - Ignite Poison         Fire/Tmut/Pois 22%        N/A       4%          3
c - Mephitic Cloud        Conj/Pois/Air  19%        N/A       8%          3
d - Olgreb's Toxic Radia  Pois           33%        N/A       4%          4
e - Animate Skeleton      Necr           8%         N/A       13%         1

Your spell library contained the following spells:

 Spells                   Type           Power      Damage    Failure   Level
 Poisonous Vapours        Pois/Air       44%        N/A       2%          2
 Pain                     Necr           16%        1d4       13%         1
 Summon Small Mammal      Summ           16%        N/A       13%         1
 Call Imp                 Summ           4%         N/A       19%         2
 Call Canine Familiar     Summ           4%         N/A       36%         3
 Summon Guardian Golem    Hex/Summ       4%         N/A       36%         3
 Vampiric Draining        Necr           2%         2d6       36%         3
 Summon Lightning Spire   Summ/Air       8%         N/A       63%         4
 Animate Dead             Necr           2%         N/A       77%         4
 Summon Ice Beast         Ice/Summ       4%         N/A       77%         4
 Agony                    Necr           4%         N/A       98%         5


Dungeon Overview and Level Annotations

Branches:
Dungeon (7/15)             Temple (0/1) D:4

Altars:
Dithmenos
Kikubaaqudgha
Nemelex Xobeh
Okawaru
Qazlal
Sif Muna
Vehumet
Xom
Yredelemnul
Zin

Annotations:
D:3 2 runed translucent doors, HendSelp's ghost, amateur KoHu
D:5 2 transporters
D:7 exclusion: statue


Innate Abilities, Weirdness & Mutations

You are very small and have problems with some larger weapons.
You are too small for most types of armour.
You have supernaturally acute eyesight. (SInv)
You cover ground extremely quickly. (Speed+++)


Message History

You now have 17/24 mp.
Aiming: Sting (safe; 1% risk of failure)
Press: ? - help, Q - select action, (/) - cycle Shift-Dir - straight line, f/p - Maggie
Aim: Maggie, wielding a +2 war axe of flaming and wearing +0 acid dragon scales (moderately wounded, confused, poisoned, 8% to evade)
The sting hits Maggie.
Maggie looks even sicker.
Maggie is moderately wounded.
Maggie completely misses you. The wyvern skeleton misses you.
Aiming: Sting (safe; 1% risk of failure)
Press: ? - help, Q - select action, (/) - cycle Shift-Dir - straight line, f/p - Maggie
Aim: Maggie, wielding a +2 war axe of flaming and wearing +0 acid dragon scales (heavily wounded, confused, very poisoned, 8% to evade)
The sting hits Maggie but does no damage.
Maggie looks even sicker.
Maggie is heavily wounded.
Casting: Sting (safe; 1% risk of failure)
Confirm with . or Enter, or press ? or * to list all spells.
Aiming: Mephitic Cloud (dangerous; 9% risk of failure)
Press: ? - help, Shift-Dir - straight line, p - Maggie The ball explodes into a vile cloud!
The stinking cloud engulfs the wyvern skeleton but does no damage.
The stinking cloud engulfs Maggie but does no damage.
Maggie is heavily wounded.
The wyvern skeleton barely misses you.
You now have 15/24 mp.
Casting: Mephitic Cloud (dangerous; 9% risk of failure)
Confirm with . or Enter, or press ? or * to list all spells.
You ignite the poison in your surroundings!
Maggie seems to burn from within!!!
You kill Maggie!
Sif Muna accepts your kill.
The wyvern skeleton is engulfed in blazing flames.
The wyvern skeleton bites you!
Your Fighting skill increases to level 2!
Your Spellcasting skill increases to level 5!
Your Invocations skill increases to level 2!
You take 10 damage, and have 13/39 hp.
MASSIVE DAMAGE!!
You now have 12/26 mp.
You hit the wyvern skeleton.
The wyvern skeleton is lightly damaged.
The wyvern skeleton is engulfed in blazing flames.
The wyvern skeleton bites you!
You die...

#####.#.#.............)..........
.............#####...##..##.#####
.......#####....##...........###
...##......#.##....#.#.#.##....#
...##......##...#......#....##.#
######......#.#####....###..##.##
#....###.#####....#....##..#
#######..##.....#.#.##.##... #.
#...##@##.##.........##
####.####.#..○Z.......###.####
..........###○)......## #.#
.......###..○.☼......####.####
....... #........###..##.....#
.......##...####.###.........#
...........## #..##.###.....#
...........# ##..#...#.....#
.......##### ##.......#####


You could see a wyvern skeleton.

Vanquished Creatures
  Maggie (D:7)
  A komodo dragon (D:7)
  A water moccasin (D:7)
  An ice beast (D:6)
  3 ogres
  A kobold brigand (D:6)
  A bullfrog (D:6)
  A howler monkey (D:4)
  A centaur zombie (D:6)
  A bullfrog skeleton (D:6)
  3 hounds
  A centaur skeleton (D:7)
  A gnoll shaman (D:5)
  5 iguanas
  4 orc wizards
  Robin (D:3)
  3 gnolls (D:5)
  7 adders
  2 shadow imps
  An ufetubus (D:6)
  An adder skeleton (D:4)
  4 dart slugs
  17 orcs
  2 bat zombies (D:4)
  3 endoplasms
  2 giant cockroaches
  13 goblins
  8 hobgoblins
  8 jackals
  16 kobolds
  A quokka (D:4)
  7 ball pythons
  5 bats
  10 frilled lizards
  3 rats (D:1)
  3 rat zombies (D:4)
143 creatures vanquished.

Vanquished Creatures (others)
  6 plants (D:7)
6 creatures vanquished.

Grand Total: 149 creatures vanquished

Notes
Turn   | Place    | Note
-------+----------+-------------------------------------------
     0 | D:1      | jasper the Spriggan Venom Mage began the quest for the Orb.
     0 | D:1      | Reached XP level 1. HP: 9/9 MP: 5/5
   254 | D:1      | Reached XP level 2. HP: 7/13 MP: 2/6
   578 | D:1      | Found a faded altar of an unknown god.
  1186 | D:1      | Reached XP level 3. HP: 7/16 MP: 5/8
  1190 | D:1      | Learned a level 3 spell: Ignite Poison
  1884 | D:2      | Reached skill level 4 in Poison Magic
  2132 | D:2      | Reached XP level 4. HP: 21/21 MP: 9/9
  2136 | D:2      | Learned a level 3 spell: Mephitic Cloud
  2887 | D:3      | Noticed Robin
  3025 | D:3      | Killed Robin
  3146 | D:3      | Found a large runed translucent door.
  3146 | D:3      | Found a shimmering blue altar of Sif Muna.
  3147 | D:3      | Found a large runed translucent door.
  3158 | D:3      | Became a worshipper of Sif Muna the Loreminder
  3161 | D:3      | Noticed HendSelp's ghost (amateur KoHu)
  3696 | D:3      | Reached XP level 5. HP: 16/24 MP: 10/10
  3717 | D:3      | Reached skill level 5 in Transmutations
  4107 | D:4      | Noticed an ogre
  4121 | D:4      | Killed an ogre
  4122 | D:4      | Reached skill level 5 in Poison Magic
  4122 | D:4      | Reached XP level 6. HP: 28/28 MP: 11/11
  4239 | D:4      | Found a sparkling altar of Nemelex Xobeh.
  4239 | D:4      | Found a shadowy altar of Dithmenos.
  4283 | D:4      | Found a stormy altar of Qazlal.
  4595 | D:4      | Found an ancient bone altar of Kikubaaqudgha.
  4793 | D:4      | Reached skill level 1 in Conjurations
  4793 | D:4      | Reached skill level 1 in Fire Magic
  4793 | D:4      | Reached skill level 1 in Air Magic
  4942 | D:4      | Found a staircase to the Ecumenical Temple.
  5025 | D:4      | Found a glowing silver altar of Zin.
  5026 | D:4      | Found a basalt altar of Yredelemnul.
  5166 | D:5      | Entered Level 5 of the Dungeon
  5388 | D:5      | Found a shimmering altar of Xom.
  5669 | D:5      | Found a transporter.
  5709 | D:5      | Noticed a kobold demonologist
  5713 | D:5      | Found a transporter.
  5994 | D:5      | Reached XP level 7. HP: 32/32 MP: 12/12
  5999 | D:5      | Learned a level 4 spell: Olgreb's Toxic Radiance
  6163 | D:5      | Reached * piety under Sif Muna
  6956 | D:6      | Reached skill level 6 in Poison Magic
  7142 | D:6      | Found an iron altar of Okawaru.
  7893 | D:6      | Reached skill level 7 in Poison Magic
  7994 | D:7      | Found a radiant altar of Vehumet.
  8020 | D:7      | Reached XP level 8. HP: 36/36 MP: 13/13
  8022 | D:7      | Learned a level 1 spell: Animate Skeleton
  8131 | D:7      | Reached skill level 8 in Poison Magic
  8603 | D:7      | Noticed a komodo dragon
  8670 | D:7      | Killed a komodo dragon
  8671 | D:7      | Reached skill level 1 in Fighting
  8671 | D:7      | Reached skill level 1 in Invocations
  9024 | D:7      | Reached ** piety under Sif Muna
  9161 | D:7      | Noticed Maggie
  9199 | D:7      | Killed Maggie
  9200 | D:7      | Reached skill level 5 in Spellcasting
  9200 | D:7      | Slain by a wyvern skeleton

Illustrated notes

Levels and vault maps discovered:
D:1:      dpeg_arrival_round_a, layout_rooms, ebering_ecumenical_altar_webs,
          minivault_5, kennysheep_small_spiral
D:2:      layout_basic
D:3:      layout_rooms, overflow_temple_1_default, ebering_ghost_disaster_area,
          uniq_robin
D:4:      layout_loops_ring, grunt_qazlal_clouds,
          lemuel_zombie_altar_kikubaaqudgha, gammafunk_temple_overflow_statue,
          gammafunk_temple_overflow_elements, temple_statues
D:5:      gammafunk_wand_slinger, layout_basic, old_standard_altar
D:6:      layout_cave_pods, kennysheep_okawaru_gauntlet
D:7:      layout_rooms, vehumet_statue, minmay_lizard_king, uniq_maggie

Skill      XL: |  1  2  3  4  5  6  7  8 |
---------------+-------------------------+-----
Transmutations | 2 3 4 5 |  5.0
Poison Magic   | 4 5 7 8 |  8.0
Conjurations   | 1 2 |  2.0
Fire Magic     | 1 2 |  2.0
Air Magic      | 1 2 |  2.0
Spellcasting   | 5 |  5.4
Dodging        | 4 |  4.6
Fighting       | 2 |  2.0
Invocations    | 2 |  2.5
Stealth        | |  3.0

Action                   |  1- 3 |  4- 6 |  7- 9 || total
-------------------------+-------+-------+-------++-------
Melee: Rapier            |    12 |    43 |    31 ||    86
Throw: Dart              |     1 |       |       ||     1
       Stone             |     1 |       |       ||     1
 Cast: Sting             |    69 |   105 |   107 ||   281
       Mephitic Cloud    |       |     2 |     8 ||    10
       Ignite Poison     |       |     1 |     7 ||     8
Evoke: Wand              |       |       |     3 ||     3
  Use: Scroll            |       |     9 |     4 ||    13
       Potion            |       |       |     2 ||     2
 Stab: Sleeping          |       |     1 |       ||     1
       Paralysed         |       |       |     5 ||     5
Armor: Robe              |     2 |    12 |     6 ||    20
Dodge: Dodged            |    26 |    54 |    68 ||   148

Table legend: (Time is in decaauts)
 A = Elapsed time spent in this place.
 B = Non-inter-level travel time spent in this place.
 C = Inter-level travel time spent in this place.
 D = Time resting spent in this place.
 E = Time spent auto-exploring this place.
 F = Levels seen in this place.
 G = Mean time per level.
                   A        B        C        D        E       F      G
               +--------+--------+--------+--------+--------+-----+--------+
         Total |   7262 |   7168 |     94 |   1513 |   4538 |   7 | 1037.4 |
       Dungeon |   7262 |   7168 |     94 |   1513 |   4538 |   7 | 1037.4 |
               +--------+--------+--------+--------+--------+-----+--------+

Top non-repeatable levels by time:
     D:1: 1193 daAuts
     D:3: 1121 daAuts
     D:7: 1094 daAuts
     D:5: 1039 daAuts
     D:6: 1039 daAuts
     D:2: 918 daAuts
     D:4: 856 daAuts
